 Dungeon Crawl Stone Soup version 0.29-a0-550-g81e455f4c2 (webtiles) character file.

Game seed: 7361061871393606692

21310 gememama the Fighter (level 12, -14/91 HPs)
             Began as an Octopode Hunter on June 5, 2022.
             Was a Believer of Ashenzari.
             Demolished by a boulder beetle (31 damage)
             ... on level 11 of the Dungeon.
             The game lasted 00:48:47 (12039 turns).

gememama the Fighter (Octopode Hunter)             Turns: 12039, Time: 00:48:48

Health: -14/91     AC:  1    Str: 17    XL:     12   Next: 88%
Magic:  22/23      EV: 22    Int: 15    God:    Ashenzari [**....]
Gold:   615        SH:  6    Dex: 16    Spells: 22/26 levels left

rFire   . . .      SeeInvis +   d - +0 dagger (venom)
rCold   . . .      Faith    .   K - +0 buckler
rNeg    . . .      Spirit   .   (helmet restricted)
rPois   .          Reflect  .   r - amulet "Per Aspera Ad Scientiam" {Acrobat, Evo, Bglg} (curse)
rElec   .          Harm     .   e - ring of Ashenzari's Optimism {Slay+4, Comp, Elem} (curse)
rCorr   .          Rampage  .   p - ring of Ashenzari's Gnosis {EV+4, Elem, Alch} (curse)
Will    .....                   c - ring of the Lashed Anxiety {Str+6, Comp, Cun} (curse)
Stlth   +++++.....              J - ring of see invisible
HPRegen 0.25/turn               (no ring)
MPRegen 0.18/turn               (no ring)
                                (no ring)
                                (no ring)

@: no status effects
A: almost no armour, amphibious, 8 rings, camouflage 1, gelatinous body 1,
(nimble swimmer 1), tentacles
a: Renounce Religion, Curse Item, Shatter the Chains


You were on level 11 of the Dungeon.
You worshipped Ashenzari.
Ashenzari was pleased with you.
You visited 2 branches of the dungeon, and saw 12 of its levels.
You also visited: Bailey.

You collected 615 gold pieces.

Inventory:

Hand Weapons
 a - a +1 hand crossbow
 b - a +0 whip of electrocution
 d - a +0 dagger of venom (weapon)
 y - the +4 war axe of Esiol {protect, rN+ rCorr Int+5 Dex-3}
   (You found it on level 5 of the Dungeon)

   It grants its wielder temporary protection when it strikes (+7 to AC).
   Int:       It affects your intelligence (+5).
   Dex:       It affects your dexterity (-3).
   rN:        It protects you from negative energy.
   rCorr:     It protects you from acid and corrosion.
 E - a +4 dagger
 I - a +0 long sword
Missiles
 t - 118 stones (quivered)
 A - a throwing net
Armour
 K - a +0 buckler (worn)
 O - an orb of energy
Magical Staves
 l - a staff of air
Jewellery
 c - the cursed ring of the Lashed Anxiety (on tentacle) {Str+6, Comp, Cun}
   (You found it on level 5 of the Dungeon)

   [ring of strength]

   Str:       It affects your strength (+6).
   It has a curse which improves the following skills: Companions: Summonings
   and Necromancy.
   Cunning:   Dodging and Stealth.
 e - the cursed ring of Ashenzari's Optimism (left tentacle) {Slay+4, Comp, Elem}
   (You found it on level 1 of the Dungeon)

   [ring of slaying]

   Slay:      It affects your accuracy & damage with ranged weapons and melee
   (+4).
   It has a curse which improves the following skills: Companions: Summonings
   and Necromancy.
   Elements:  Fire Magic, Ice Magic, Air Magic and Earth Magic.
 p - the cursed ring of Ashenzari's Gnosis (right tentacle) {EV+4, Elem, Alch}
   (You found it on level 3 of the Dungeon)

   [ring of evasion]

   EV:        It affects your evasion (+4).
   It has a curse which improves the following skills: Elements: Fire Magic, Ice
   Magic, Air Magic and Earth Magic.
   Alchemy:   Poison Magic and Transmutations.
 r - the cursed amulet "Per Aspera Ad Scientiam" (around mantle) {Acrobat, Evo, Bglg}
   (You found it on level 3 of the Dungeon)

   [amulet of the acrobat]

   It increases your evasion while moving and waiting.
   It has a curse which improves the following skills: Evocations: Evocations.
   Beguiling: Conjurations, Hexes and Translocations.
 H - a ring of see invisible
 J - a ring of see invisible (on tentacle)
Wands
 w - a wand of iceblast (9)
 D - a wand of acid (15)
 L - a wand of charming (9)
 N - a wand of flame (17)
 P - a wand of paralysis (3)
 Q - a wand of polymorph (2)
Scrolls
 f - a scroll of immolation
 g - 2 scrolls of vulnerability
 h - 3 scrolls of enchant armour
 i - a scroll of enchant weapon
 j - 4 scrolls of identify
 m - a scroll of fog
 s - 6 scrolls of magic mapping
 v - 4 scrolls of teleportation
 F - a scroll of amnesia
 M - a scroll of silence
 S - a scroll of acquirement
 U - a scroll of fear
Potions
 k - 2 potions of ambrosia
 n - 3 potions of curing
 o - 4 potions of cancellation
 q - 3 potions of brilliance
 u - a potion of haste
 x - 2 potions of attraction
 z - 3 potions of lignification
 C - a potion of heal wounds
 G - a potion of invisibility
 R - a potion of might
 T - a potion of flight
 V - a potion of berserk rage
Miscellaneous
 B - a piece from Xom's chessboard (15/15)


   Skills:
 * Level 11.8 Fighting
 - Level 4.0 Crossbows
 + Level 8.4(9.7) Dodging
 - Level 6.0(7.2) Stealth
 + Level 5.6 Shields
 + Level 7.7 Spellcasting
 * Level 6.9(8.9) Summonings
 - Level 2.5(4.1) Air Magic
 - Level 6.7(8.0) Evocations


You had 22 spell levels left.
You knew the following spells:

 Your Spells              Type           Power      Damage    Failure   Level
a - Summon Lightning Spi  Summ/Air       25%        N/A       11%         4

Your spell library contained the following spells:

 Spells                   Type           Power      Damage    Failure   Level
 Freezing Cloud           Conj/Ice/Air   5%         6-21      93%         5
 Simulacrum               Ice/Necr       3%         N/A       100%        6
 Storm Form               Tmut/Air       6%         N/A       100%        7
 Maxwell's Capacitive Co  Air            9%         ∞         100%        8
 Polar Vortex             Ice            3%         N/A       100%        9


Dungeon Overview and Level Annotations

Branches:
Dungeon (11/15)            Temple (1/1) D:5          Bailey (visited)
   Lair: D:8-11         Orc: D:9-12

Altars:
Ashenzari
Cheibriados
Dithmenos
Elyvilon
Fedhas
Gozag
Hepliaklqana
Kikubaaqudgha
Makhleb
Nemelex Xobeh
Okawaru
Qazlal
Ru
Sif Muna
Trog
Uskayaw
Vehumet
Wu Jian
Xom
Yredelemnul
Zin
The Shining One

Shops:
D:6 *[*[[   D:7 *   D:9 [

Annotations:
D:10 exclusions: acid dragon and two-headed ogre


Innate Abilities, Weirdness & Mutations

You cannot wear most types of armour.
You are amphibious.
You can wear up to eight rings at the same time.
Your skin changes colour to match your surroundings (Stealth+).
Your rubbery body absorbs attacks. (AC +1, EV +1)
((You are camouflaged when in or above water. (Stealth+)))
You have tentacles for arms and can constrict up to eight enemies at once.


Message History

d - a +0 dagger of venom (weapon)
The boulder beetle misses you.
You hit the boulder beetle but do no damage.
The boulder beetle is poisoned.
The boulder beetle bites you.
Your lightning spire shoots out a bolt of lightning at the boulder beetle!
The bolt of electricity hits the boulder beetle.
You barely miss the boulder beetle.
You squeeze the boulder beetle, but do no damage.
The boulder beetle is lightly wounded.
You block the boulder beetle's attack.
You hit the boulder beetle.
The boulder beetle looks as sick as possible!
The boulder beetle is lightly wounded.
The boulder beetle bites you!
Your lightning spire shoots out a bolt of lightning at the boulder beetle!
The bolt of electricity hits the boulder beetle!
You hit the boulder beetle but do no damage.
The boulder beetle looks as sick as possible!
The boulder beetle is moderately wounded.
The boulder beetle bites you!!
Your lightning spire shoots out a bolt of lightning at the boulder beetle!
The bolt of electricity hits the boulder beetle!
You are too injured to fight recklessly!
You are too injured to fight recklessly!
You hit the boulder beetle.
The boulder beetle looks as sick as possible!
You squeeze the boulder beetle.
The boulder beetle is severely wounded.
The boulder beetle bites you!!
* * * LOW HITPOINT WARNING * * *
You feel much better. The boulder beetle bites you!
* * * LOW HITPOINT WARNING * * *
Your lightning spire shoots out a bolt of lightning at the boulder beetle!
The bolt of electricity hits the boulder beetle!
You catch the helpless boulder beetle completely off-guard!
You hit the boulder beetle but do no damage.
The boulder beetle looks as sick as possible!
The boulder beetle is almost dead.
The boulder beetle bites you!!
You die...

* * .. ,*, * *#., , ,,
* , *,* #. * , , *#.*
*, , , , #. *, , * *
#. * , , * *, #.#.####
* * * * * ,
*#..).B)###
....##.##@8.##########
, . #.
###.)...)<...#>, *
*,#. ####.......#, *,
* ,#. #.......#, ,
*,#= ####.#### * *
..** #.# * , #(,* #.#*
* * #.# , *, ,, , #.#
* ,,*


You could see a boulder beetle (extremely poisoned, ally target) and a friendly
lightning spire (summoned).

Vanquished Creatures
  An unseen horror (D:11)
  A kobold demonologist (Bailey)
  2 shadows
  A vampire (D:9)
  A wyvern (D:10)
  2 steam dragons
  3 vampire mosquitoes (D:10)
  An ice beast (D:6)
  13 orc warriors
  2 black bears (D:9)
  An ogre (D:5)
  4 centaurs
  3 kobold brigands
  6 scorpions
  3 wights (D:8)
  9 killer bees
  6 electric eels (Bailey)
  4 howler monkeys
  3 hounds
  3 orc priests
  A jelly (D:6)
  6 iguanas
  7 orc wizards
  4 gnolls (D:5)
  10 adders
  A shadow imp (D:8)
  A white imp (D:5)
  An ufetubus (D:3)
  A worm (D:2)
  3 dart slugs
  23 orcs
  3 endoplasms
  3 giant cockroaches
  18 goblins
  12 hobgoblins
  2 jackals (D:5)
  4 ball pythons
  7 bats
  2 frilled lizards
  22 kobolds
  5 rats
205 creatures vanquished.

Vanquished Creatures (collateral kills)
  A two-headed ogre (D:8)
  An orc sorcerer (Bailey)
  A troll (D:10)
  2 orc warriors (Bailey)
  2 hobgoblins (Bailey)
7 creatures vanquished.

Vanquished Creatures (others)
  A butterfly (D:4)
1 creature vanquished.

Grand Total: 213 creatures vanquished

Notes
Turn   | Place    | Note
-------+----------+-------------------------------------------
     0 | D:1      | gememama the Octopode Hunter began the quest for the Orb.
     0 | D:1      | Reached XP level 1. HP: 14/14 MP: 1/1
   455 | D:1      | Reached XP level 2. HP: 19/19 MP: 2/2
   764 | D:1      | Found a faded altar of an unknown god.
   959 | D:2      | You fall into a shaft and drop 1 floor!
   974 | D:3      | Reached skill level 1 in Spellcasting
   978 | D:3      | Reached XP level 3. HP: 25/25 MP: 4/4
   985 | D:3      | Identified the +1 leather armour of Pyiz {rElec rN+ Regen+
                  | Int-4}
  1748 | D:3      | Reached XP level 4. HP: 30/30 MP: 6/6
  1779 | D:3      | Found a snail-covered altar of Cheibriados.
  1784 | D:3      | Found a blossoming altar of Fedhas.
  1795 | D:3      | Found a glowing silver altar of Zin.
  1798 | D:3      | Reached skill level 3 in Fighting
  1812 | D:3      | Noticed a scorpion
  1823 | D:3      | Killed a scorpion
  1824 | D:3      | Reached XP level 5. HP: 24/36 MP: 6/8
  2544 | D:4      | Found an ornate altar of the Wu Jian Council.
  2620 | D:4      | Reached XP level 6. HP: 43/43 MP: 8/10
  2759 | D:4      | Reached skill level 4 in Fighting
  2857 | D:4      | Found a white marble altar of Elyvilon.
  3124 | D:5      | Entered Level 5 of the Dungeon
  3251 | D:5      | Identified the +4 war axe of Esiol {protect, rN+ rCorr
                  | Int+5 Dex-3}
  3269 | D:5      | Reached XP level 7. HP: 47/49 MP: 11/11
  3291 | D:5      | Found a staircase to the Ecumenical Temple.
  3301 | Temple   | Entered the Ecumenical Temple
  3359 | Temple   | Became a worshipper of Ashenzari the Shackled
  3412 | D:5      | Reached skill level 5 in Fighting
  3641 | D:5      | Reached skill level 1 in Summonings
  3704 | D:5      | Found a shimmering altar of Xom.
  4181 | D:6      | Reached XP level 8. HP: 57/57 MP: 13/13
  4187 | D:6      | Found Yklir Vuatuk's Assorted Antiques.
  4210 | D:6      | Reached skill level 6 in Fighting
  4210 | D:6      | Reached skill level 5 in Dodging
  4262 | D:6      | Found Erphuheoff's Armour Shoppe.
  4558 | D:6      | Found Ladu's Antique Armour Boutique.
  5045 | D:6      | Found Eniudghurr's Armour Emporium.
  5168 | D:6      | Reached * piety under Ashenzari
  5198 | D:6      | Found Tosustirae's General Store.
  5492 | D:7      | Reached skill level 7 in Fighting
  5731 | D:7      | Found a shadowy altar of Dithmenos.
  5768 | D:7      | Found a hide-covered altar of Uskayaw.
  5997 | D:7      | Found an iron altar of Okawaru.
  6323 | D:7      | Found Kuugrej's Fire Supplies.
  6614 | D:8      | Reached XP level 9. HP: 60/64 MP: 16/16
  6989 | D:8      | Noticed a two-headed ogre
  7172 | D:8      | Reached ** piety under Ashenzari
  7404 | D:9      | Reached skill level 1 in Air Magic
  7405 | D:9      | Reached skill level 5 in Spellcasting
  7509 | D:9      | Noticed a two-headed ogre
  7577 | D:9      | Found a bloodstained altar of Trog.
  7593 | D:9      | Reached skill level 1 in Shields
  7608 | D:9      | Reached skill level 8 in Fighting
  8312 | D:9      | Found Tiepn's Armour Shoppe.
  8321 | D:9      | Reached skill level 5 in Summonings
  8816 | D:10     | Entered Level 10 of the Dungeon
  8842 | D:9      | Reached XP level 10. HP: 63/73 MP: 18/18
  8909 | D:10     | Learned a level 4 spell: Summon Lightning Spire
  8969 | D:10     | Found a flagged portal.
  8973 | Bailey   | Entered a bailey
  9615 | Bailey   | Reached skill level 9 in Fighting
  9743 | Bailey   | Reached skill level 1 in Evocations
  9921 | Bailey   | Identified a scroll of acquirement
  9978 | Bailey   | Found an iron altar of Okawaru.
  9980 | Bailey   | Noticed an orc sorcerer
  9981 | Bailey   | Noticed a kobold demonologist
  9995 | Bailey   | Killed an orc sorcerer
 10003 | Bailey   | Noticed a sixfirhy
 10011 | Bailey   | Noticed an orange demon
 10015 | Bailey   | Killed a kobold demonologist
 10167 | Bailey   | Reached skill level 5 in Shields
 10167 | Bailey   | Reached XP level 11. HP: 80/80 MP: 20/20
 10168 | Bailey   | Reached skill level 11 in Fighting
 10168 | Bailey   | Reached XP level 12. HP: 90/90 MP: 20/23
 11192 | D:10     | Noticed a two-headed ogre
 11645 | D:8      | Killed a two-headed ogre
 12020 | D:11     | Noticed a boulder beetle
 12039 | D:11     | Demolished by a boulder beetle

Illustrated notes

Levels and vault maps discovered:
D:1:      spicycebolla_arrival_xxxplode, layout_loops_corners,
          chequers_ecumenical_altar_twisty, chequers_big_river
D:2:      layout_rooms
D:3:      minmay_spotlight, layout_loops_ring, minmay_overflow_temple_star_quad
D:4:      layout_loops_cross, nicolae_overflow_crystal_walls,
          nicolae_elyvilon_peaceful_grove, hex_tiny
D:5:      layout_cave_pools, xom_butterflies, minmay_temple_entry_offerings
D:6:      layout_basic, serial_shops, nicolae_shop_hallway_stairs,
          nicolae_lakefront_shop, shop, shop, shop_fountains,
          due_unseen_surprise
D:7:      layout_basic, mainiacjoe_overflow_cross_hatched,
          nicolae_uskayaw_dance_hall, mainiacjoe_overflow_tiny_flanked,
          nicolae_shop_fire_sale [nicolae_sub_dead_trees], dk_noncrumbling_4
D:8:      layout_basic
D:9:      layout_loops_cross, trog_ov_bears_minmay, serial_shops,
          nicolae_square_shop
D:10:     layout_cave_pools, enter_bailey_4
D:11:     layout_rooms, lair_entry_dummy, orc_0_dummy, minmay_ruined_shrine,
          uniq_erica, uniq_urug
Temple:   nicolae_temple_hex_pool

Skill      XL: |  1  2  3  4  5  6  7  8  9 10 11 |
---------------+----------------------------------+-----
Spellcasting   | 1 2 3 4 5 6 7 |  7.7
Dodging        | 3 4 5 6 8 |  8.4
Fighting       | 3 4 5 7 8 9 11 | 11.8
Summonings     | 1 3 5 6 |  6.9
Air Magic      | 1 2 |  2.5
Shields        | 2 5 |  5.6
Evocations     | 6 |  6.7
Stealth        | 6 |  6.0
Crossbows      | |  4.0

Action                   |  1- 3 |  4- 6 |  7- 9 | 10-12 || total
-------------------------+-------+-------+-------+-------++-------
Melee: Whip              |     4 |    21 |   150 |    58 ||   233
       Dagger            |       |     4 |       |     8 ||    12
       Constrict         |       |     9 |    28 |    12 ||    49
       Tentacles         |       |     8 |    43 |    16 ||    67
       Punch             |       |     1 |     2 |       ||     3
       War axe           |       |       |       |     2 ||     2
 Fire: Hand crossbow     |    53 |    67 |   111 |   199 ||   430
Throw: Stone             |       |       |     2 |       ||     2
 Cast: Summon Lightning  |       |       |       |     8 ||     8
Invok: Curse Item        |       |       |     4 |       ||     4
Evoke: Wand              |       |       |       |    15 ||    15
  Use: Potion            |       |       |     1 |     3 ||     4
 Stab: Sleeping          |       |     1 |     3 |     1 ||     5
       Distracted        |       |       |     1 |     3 ||     4
Armor: Skin              |       |       |     3 |     3 ||     6
Dodge: Dodged            |     5 |    21 |   161 |    92 ||   279
Block: Buckler           |       |       |    17 |    20 ||    37

Table legend: (Time is in decaauts)
 A = Elapsed time spent in this place.
 B = Non-inter-level travel time spent in this place.
 C = Inter-level travel time spent in this place.
 D = Time resting spent in this place.
 E = Time spent auto-exploring this place.
 F = Levels seen in this place.
 G = Mean time per level.
                   A        B        C        D        E       F      G
               +--------+--------+--------+--------+--------+-----+--------+
         Total |  12147 |  11278 |    869 |   2720 |   6291 |  13 |  934.4 |
       Dungeon |  10740 |   9884 |    856 |   2144 |   6216 |  11 |  976.4 |
        Temple |     74 |     61 |     13 |      0 |     40 |   1 |   74.0 |
        Bailey |   1332 |   1332 |      0 |    576 |     35 |   1 | 1332.0 |
               +--------+--------+--------+--------+--------+-----+--------+

Top non-repeatable levels by time:
     D:6: 1637 daAuts
     D:9: 1498 daAuts
     D:8: 1466 daAuts
  Bailey: 1332 daAuts
    D:10: 1235 daAuts
     D:3: 1140 daAuts
     D:7: 990 daAuts
     D:1: 946 daAuts
     D:5: 699 daAuts
     D:4: 678 daAuts
     D:2: 377 daAuts
  Temple: 74 daAuts
    D:11: 70 daAuts
